 Dungeon Crawl Stone Soup version 0.28.0 (webtiles) character file.

Game seed: 4323374840907392027

72 cayde69 the Shield-Bearer (level 4, 0/41 HPs)
             Began as a Gnoll Fighter on Feb 8, 2022.
             Slain by a goblin (3 damage)
             ... on level 3 of the Dungeon.
             The game lasted 00:02:35 (1976 turns).

cayde69 the Shield-Bearer (Gnoll Fighter)           Turns: 1976, Time: 00:02:35

Health: 0/41       AC: 10    Str: 17    XL:     4   Next: 25%
Magic:  5/5        EV:  7    Int:  7    God:
Gold:   102        SH:  5    Dex: 12    Spells: 5/5 levels left

rFire   . . .      SeeInvis .   a - +0 long sword
rCold   . . .      Faith    .   c - +0 buckler
rNeg    . . .      Spirit   .   g - +0 chain mail
rPois   .          Reflect  .   (no helmet)
rElec   .          Harm     .   (no cloak)
rCorr   .          Rampage  .   (no gloves)
Will    .....                   (no boots)
Stlth   ..........              (no amulet)
HPRegen 0.13/turn               (no ring)
MPRegen 0.09/turn               (no ring)

@: no status effects
A: fangs 1, strong nose, distributed training
a: no special abilities


You were on level 3 of the Dungeon.
You visited 1 branch of the dungeon, and saw 3 of its levels.

You collected 102 gold pieces.

Inventory:

Hand Weapons
 a - a +0 long sword (weapon)
Armour
 b - a +0 scale mail
 c - a +0 buckler (worn)
 g - a +0 chain mail (worn)
Scrolls
 f - 2 scrolls of identify {unknown}
Potions
 d - 2 potions of might
 e - a potion of curing {unknown}
 h - a potion of haste {unknown}


   Skills:
 + Level 6.6 Fighting
 + Level 1.1 Short Blades
 + Level 4.6 Long Blades
 + Level 1.1 Axes
 + Level 1.1 Maces & Flails
 + Level 1.1 Polearms
 + Level 1.1 Staves
 + Level 1.1 Slings
 + Level 1.1 Bows
 + Level 1.1 Crossbows
 + Level 1.1 Throwing
 + Level 6.6 Armour
 + Level 1.1 Dodging
 + Level 1.1 Stealth
 + Level 6.6 Shields
 + Level 1.1 Unarmed Combat
 + Level 1.1 Spellcasting
 + Level 0.8 Conjurations
 + Level 0.8 Hexes
 + Level 0.8 Summonings
 + Level 0.8 Necromancy
 + Level 0.8 Translocations
 + Level 0.8 Transmutations
 + Level 0.8 Fire Magic
 + Level 0.8 Ice Magic
 + Level 0.8 Air Magic
 + Level 0.8 Earth Magic
 + Level 0.8 Poison Magic
 + Level 1.2 Invocations
 + Level 1.1 Evocations


You had 5 spell levels left.
You didn't know any spells.
Your spell library contained the following spells:

 Spells                   Type           Power      Damage    Failure   Level
 Apportation              Tloc           2%         N/A       99%         1
 Summon Small Mammal      Summ           4%         N/A       99%         1
 Call Canine Familiar     Summ           1%         N/A       100%        3
 Summon Guardian Golem    Hex/Summ       1%         N/A       100%        3
 Alistair's Intoxication  Tmut/Pois      0%         N/A       100%        5


Dungeon Overview and Level Annotations

Branches:
Dungeon (3/15)

Altars:


Innate Abilities, Weirdness & Mutations

You have very sharp teeth.
Your uncanny sense of smell can sniff out nearby items.
Your experience applies equally to all skills.


Message History

You feel sick. The bat hits you but does no damage. The adder bites you.
You are more poisoned.
The adder poisons you! The bat completely misses you. The adder bites you.
You are more poisoned.
The adder poisons you!
You are too injured to fight recklessly!
You are too injured to fight recklessly!
You are too injured to fight recklessly!
You are too injured to fight recklessly!
You closely miss the adder.
The adder is almost dead.
You feel very sick. The bat hits you. The adder barely misses you.
You closely miss the adder.
The adder is almost dead.
* * * LOW HITPOINT WARNING * * *
You feel very sick. The bat hits you.
* * * LOW HITPOINT WARNING * * *
The bat hits you but does no damage.
The adder bites you but does no damage. x2
You barely miss the adder.
The adder is almost dead.
* * * LOW HITPOINT WARNING * * *
You feel sick. The bat barely misses you. The adder barely misses you.
You hit the adder.
You kill the adder!
You feel sick. The bat closely misses you.
You closely miss the bat.
You feel sick. The bat hits you but does no damage.
You slash the bat!
You kill the bat!
* * * LOW HITPOINT WARNING * * *
You feel sick.
You feel sick.
A goblin comes into view. It is wielding a +0 club.
Found 5 large rocks and 5 poisoned darts.
You feel sick.
You are no longer poisoned.
The goblin shouts!
You closely miss the goblin. The goblin hits you with a +0 club.
You die...

####### #.(.# # .(....#
#.... .# #####.#
####...###.# #.#
#..........## #####.#
#........(...
......######..........#
#####.............# ###
#.#########.g.# ..# #.#
#.@.# #.# #.# ####.##
#.# #.# #....#
#.###.#######<####
...##.........#
.#............#
...##########.########
#.## #......... #.#
##########


You could see a goblin.

Vanquished Creatures
  2 adders (D:3)
  A dart slug (D:2)
  An orc (D:3)
  4 ball pythons
  4 endoplasms
  3 giant cockroaches
  3 goblins
  4 hobgoblins
  2 jackals (D:1)
  5 quokkas
  5 bats
  2 frilled lizards (D:3)
  7 kobolds
  4 rats
47 creatures vanquished.

Notes
Turn   | Place    | Note
-------+----------+-------------------------------------------
     0 | D:1      | cayde69 the Gnoll Fighter began the quest for the Orb.
     0 | D:1      | Reached XP level 1. HP: 23/23 MP: 1/1
    65 | D:1      | Reached XP level 2. HP: 26/29 MP: 2/2
   925 | D:2      | Reached XP level 3. HP: 35/35 MP: 3/3
  1184 | D:2      | Reached skill level 1 in Invocations
  1662 | D:3      | Reached skill level 1 in Short Blades
  1662 | D:3      | Reached skill level 1 in Axes
  1662 | D:3      | Reached skill level 1 in Maces & Flails
  1662 | D:3      | Reached skill level 1 in Polearms
  1662 | D:3      | Reached skill level 1 in Staves
  1662 | D:3      | Reached skill level 1 in Slings
  1662 | D:3      | Reached skill level 1 in Bows
  1662 | D:3      | Reached skill level 1 in Crossbows
  1662 | D:3      | Reached skill level 1 in Throwing
  1662 | D:3      | Reached skill level 1 in Dodging
  1662 | D:3      | Reached skill level 1 in Stealth
  1662 | D:3      | Reached skill level 1 in Unarmed Combat
  1662 | D:3      | Reached skill level 1 in Spellcasting
  1662 | D:3      | Reached skill level 1 in Evocations
  1774 | D:3      | Reached XP level 4. HP: 41/41 MP: 5/5
  1834 | D:3      | Found a faded altar of an unknown god.
  1972 | D:3      | HP: 2/41 [poisoned by an adder]
  1976 | D:3      | Slain by a goblin

Illustrated notes

Levels and vault maps discovered:
D:1:      psy_arrival_radial02, layout_loops_ring
D:2:      layout_basic, grunt_ministairs_13
D:3:      layout_loops_ring, basic_ecumenical_altar, lemuel_old_faithful

Skill      XL: |  1  2  3 |
---------------+----------+-----
Invocations    | 1 |  1.2
Short Blades   | 1 |  1.1
Axes           | 1 |  1.1
Maces & Flails | 1 |  1.1
Polearms       | 1 |  1.1
Staves         | 1 |  1.1
Slings         | 1 |  1.1
Bows           | 1 |  1.1
Crossbows      | 1 |  1.1
Throwing       | 1 |  1.1
Dodging        | 1 |  1.1
Stealth        | 1 |  1.1
Unarmed Combat | 1 |  1.1
Spellcasting   | 1 |  1.1
Evocations     | 1 |  1.1
Fighting       | |  6.6
Long Blades    | |  4.6
Armour         | |  6.6
Shields        | |  6.6
Conjurations   | |  0.8
Hexes          | |  0.8
Summonings     | |  0.8
Necromancy     | |  0.8
Translocations | |  0.8
Transmutations | |  0.8
Fire Magic     | |  0.8
Ice Magic      | |  0.8
Air Magic      | |  0.8
Earth Magic    | |  0.8
Poison Magic   | |  0.8

Action                   |  1- 3 |  4- 6 || total
-------------------------+-------+-------++-------
Melee: Long sword        |    99 |    28 ||   127
       Bite              |     8 |     1 ||     9
Armor: Scale mail        |    20 |       ||    20
       Chain mail        |    28 |    23 ||    51
Dodge: Dodged            |    37 |    18 ||    55
Block: Buckler           |    24 |     5 ||    29
